details: 'turncoat wins much to the gay duos chag'

« prev index next »

General information

Mini Map

Players

team 1
NightElfchaosgruntult (yellow | 60 APM | 1600 actions | 26:49)
Hero icon 5 Demon Hunter
Ability icon 3 Immolation
Ability icon 2 Evasion
Hero icon 7 Mountain King
Ability icon 3 Storm Bolt
Ability icon 3 Bash
Ability icon 1 Avatar

» actions
Assign group hotkey5
Basic commands3
Build / train117
Enter build submenu33
Enter hero's abilities submenu12
Right click765
Select / deselect585
Select group hotkey6
Use ability74
1600 total
» units
Wisp14
Peasant6
Footman12
Archer1
Huntress10
Rifleman1
Druid of the Talon5
Priest4
Knight6
Chimaera7
Gryphon Rider2
68 total
» upgrades
Defend1
Lumber Harvesting2
Swords2
Reinforced Hides3
Ultravision1
Druid of the Talon Training2
Priest Training2
Plating2
Corrosive Breath1
Animal War Training1
Strength of the Wild2
Storm Hammers1
20 total
» buildings
Altar of Elders1
Moon Well6
Farm8
Ancient of War1
Scout Tower3
Hunter's Hall1
Ancient of Wonders1
Arcane Tower1
Lumber Mill1
Tree of Ages1
Keep1
Blacksmith1
Arcane Sanctum1
Ancient of Wind1
Tree of Eternity1
Arcane Vault1
Castle1
Chimaera Roost2
Gryphon Aviary1
Tree of Life2
Town Hall1
Guard Tower2
39 total
» build order
00:07 Altar of Elders
00:10 Moon Well
00:51 Moon Well
00:58 Farm
01:29 Ancient of War
01:40 Farm
02:03 Scout Tower
02:13 Hunter's Hall
02:17 Ancient of Wonders
02:31 Arcane Tower
02:43 Farm
02:59 Moon Well
03:17 Lumber Mill
04:10 Farm
04:17 Tree of Ages
04:21 Keep
05:32 Moon Well
06:02 Farm
06:04 Blacksmith
08:02 Arcane Sanctum
08:08 Ancient of Wind
08:26 Tree of Eternity
08:34 Arcane Vault
08:34 Castle
08:43 Farm
09:00 Moon Well
11:25 Chimaera Roost
11:26 Chimaera Roost
12:06 Farm
14:08 Farm
14:12 Gryphon Aviary
17:56 Moon Well
19:24 Tree of Life
23:08 Tree of Life
23:42 Town Hall
23:46 Scout Tower
23:54 Scout Tower
24:28 Guard Tower
24:30 Guard Tower
» items
Scroll of Town Portal4
Moonstone2
Orb of Fire1
Scroll of Regeneration1
8 total
Undeadchaosknight80 (pink | 71 APM | 1895 actions | 26:50)
Hero icon 7 Dreadlord
Ability icon 3 Vampiric Aura
Ability icon 3 Sleep
Ability icon 1 Inferno
Hero icon 7 Blademaster
Ability icon 3 Wind Walk
Ability icon 3 Critical Strike
Ability icon 1 Bladestorm

» actions
Assign group hotkey44
Basic commands47
Build / train93
Enter build submenu39
Enter hero's abilities submenu14
Give item / drop item1
Right click634
Select / deselect370
Select group hotkey567
Use ability86
1895 total
» units
Acolyte7
Ghoul17
Grunt7
Peon2
Wind Rider8
Gargoyle9
Green Dragon2
Goblin Zeppelin2
54 total
» upgrades
Armor3
Creature Attack3
Creature Carapace3
Ranged Weapons3
Reinforced Defenses1
Stone Form1
Envenomed Spears1
15 total
» buildings
Ziggurat6
Crypt2
Altar of Darkness1
Altar of Storms1
Barracks2
Orc Burrow4
Voodoo Lounge1
Stronghold1
Halls of the Dead1
War Mill1
Watch Tower8
Tomb of Relics1
Beastiary2
Graveyard1
Fortress1
Black Citadel1
Great Hall1
35 total
» build order
00:08 Ziggurat
00:10 Crypt
00:41 Altar of Darkness
01:01 Ziggurat
01:26 Altar of Storms
01:27 Barracks
01:30 Orc Burrow
01:48 Orc Burrow
02:10 Crypt
02:15 Ziggurat
02:42 Barracks
03:06 Ziggurat
03:22 Orc Burrow
03:29 Voodoo Lounge
05:08 Stronghold
05:18 Orc Burrow
05:25 Halls of the Dead
05:40 War Mill
07:04 Watch Tower
07:04 Watch Tower
07:05 Watch Tower
07:08 Watch Tower
07:11 Watch Tower
07:13 Watch Tower
07:19 Tomb of Relics
07:24 Ziggurat
07:24 Ziggurat
07:32 Watch Tower
07:34 Watch Tower
08:30 Beastiary
08:31 Beastiary
09:04 Graveyard
10:16 Fortress
11:58 Black Citadel
22:21 Great Hall
» items
Scroll of Town Portal2
Healing Salve2
4 total
HumanKNIGHTS-OF-HARM (blue | 55 APM | 27 actions | 00:29)

» actions
Build / train3
Enter build submenu2
Right click14
Select / deselect6
Use ability2
27 total
» units
Peasant3
3 total
» buildings
Altar of Kings1
Barracks1
2 total
» build order
00:11 Altar of Kings
00:22 Barracks
OrcC.e.L.L.o. (teal | 23 APM | 9 actions | 00:23)

» actions
Build / train5
Right click2
Select / deselect2
9 total
» units
Peon5
5 total
team 2
Random» HumanDantoncul (purple | 42 APM | 437 actions | 10:21)
Hero icon 3 Archmage
Ability icon 2 Summon Water Elemental
Ability icon 1 Brilliance Aura
Hero icon 1 Paladin
Ability icon 1 Holy Light

» actions
Assign group hotkey4
Build / train30
Enter build submenu14
Enter hero's abilities submenu4
Remove unit from queue1
Right click244
Select / deselect106
Select group hotkey10
Use ability24
437 total
» units
Peasant10
Footman7
Rifleman1
18 total
» upgrades
Swords1
1 total
» buildings
Barracks1
Farm8
Altar of Kings1
Arcane Vault1
Keep1
Lumber Mill1
Blacksmith1
Castle1
Arcane Sanctum1
16 total
» build order
00:10 Barracks
00:16 Farm
00:41 Altar of Kings
00:59 Farm
01:48 Farm
02:15 Farm
03:19 Farm
04:10 Arcane Vault
04:18 Keep
04:23 Lumber Mill
04:31 Blacksmith
05:35 Farm
05:39 Farm
08:33 Castle
08:38 Arcane Sanctum
09:29 Farm
» items
Potion of Healing1
Scroll of Town Portal1
2 total
Random» UndeadOrcrinds (green | 26 APM | 691 actions | 26:49)
Hero icon 3 Death Knight
Ability icon 2 Death Coil
Ability icon 1 Unholy Aura
Hero icon 2 Dreadlord
Ability icon 1 Sleep
Ability icon 1 Vampiric Aura

» actions
Basic commands76
Build / train75
Enter build submenu32
Enter hero's abilities submenu14
Give item / drop item5
Right click41
Select / deselect333
Use ability115
691 total
» units
Acolyte11
Ghoul8
Crypt Fiend13
Rifleman1
Priest4
Frost Wyrm2
Footman3
42 total
» upgrades
Creature Attack3
Creature Carapace2
Web1
Lumber Harvesting1
Masonry2
Freezing Breath1
Priest Training1
11 total
» buildings
Ziggurat9
Altar of Darkness1
Crypt2
Graveyard1
Lumber Mill1
Tomb of Relics1
Nerubian Tower2
Barracks1
Halls of the Dead1
Spirit Tower5
Black Citadel1
Sacrificial Pit1
Castle1
Boneyard2
Necropolis5
34 total
» build order
00:37 Ziggurat
00:40 Altar of Darkness
00:50 Crypt
01:00 Graveyard
01:26 Lumber Mill
01:39 Tomb of Relics
01:45 Ziggurat
02:15 Nerubian Tower
02:21 Barracks
02:37 Crypt
05:05 Ziggurat
05:34 Halls of the Dead
05:38 Ziggurat
07:28 Nerubian Tower
07:30 Spirit Tower
07:31 Spirit Tower
08:35 Black Citadel
08:47 Ziggurat
11:42 Sacrificial Pit
12:06 Spirit Tower
12:08 Ziggurat
13:14 Castle
13:38 Spirit Tower
14:07 Boneyard
14:30 Boneyard
16:09 Spirit Tower
18:32 Ziggurat
18:50 Ziggurat
21:08 Necropolis
21:50 Necropolis
22:23 Necropolis
22:51 Necropolis
23:10 Necropolis
24:53 Ziggurat
» items
Rod of Necromancy2
Dust of Appearance1
Scroll of Town Portal1
Orb of Corruption1
5 total
HumanjarU (red | 94 APM | 51 actions | 00:32)

» actions
Assign group hotkey32
Build / train4
Right click3
Select / deselect2
Select group hotkey10
51 total
» units
Peasant4
4 total
UndeadJuliette (orange | 79 APM | 1204 actions | 15:19)
Hero icon 3 Death Knight
Ability icon 2 Death Coil
Ability icon 1 Unholy Aura
Hero icon 3 Paladin
Ability icon 2 Devotion Aura
Ability icon 1 Divine Shield

» actions
Assign group hotkey27
Basic commands20
Build / train71
Enter build submenu18
Enter hero's abilities submenu6
Remove unit from queue1
Right click325
Select / deselect341
Select group hotkey329
Use ability66
1204 total
» units
Acolyte8
Peasant8
Ghoul9
Footman11
Crypt Fiend12
Rifleman3
51 total
» upgrades
Defend1
Creature Attack2
Creature Carapace1
Web1
Burrow1
6 total
» buildings
Ziggurat5
Crypt2
Altar of Kings1
Farm5
Barracks1
Altar of Darkness1
Graveyard1
Keep1
Halls of the Dead1
Scout Tower5
Guard Tower2
Necropolis1
Blacksmith1
Black Citadel1
28 total
» build order
00:17 Ziggurat
00:29 Crypt
00:44 Altar of Kings
00:48 Farm
00:49 Farm
00:50 Farm
00:58 Barracks
01:08 Altar of Darkness
01:10 Ziggurat
01:54 Graveyard
02:25 Ziggurat
04:55 Keep
05:00 Farm
05:01 Farm
06:22 Halls of the Dead
08:11 Scout Tower
08:11 Scout Tower
08:14 Scout Tower
08:17 Scout Tower
08:20 Scout Tower
08:31 Crypt
08:32 Ziggurat
08:34 Ziggurat
09:23 Guard Tower
10:20 Necropolis
12:03 Guard Tower
12:13 Blacksmith
14:13 Black Citadel

Chat log

(00:10 / All) jarU: Just leave
(00:20 / All) jarU: You ain't winning you just got beat by a militia tp lol
(00:26 / All) jarU: LOL
(00:26 / All) jarU: LOL
(00:27 / All) jarU: LOL
(00:34 / All) chaosgruntult: gay lol
(01:22 / Allies) chaosknight80: rush?
(01:37 / Allies) chaosgruntult: gues so
(01:42 / Allies) chaosknight80: I got teal you take the other
(02:22 / Allies) chaosknight80: mass tier 1

(07:45 / All) chaosknight80: oh
(08:04 / Allies) chaosknight80: I didn't take most of my ghouls
(08:05 / Allies) chaosknight80: great LOL

(12:39 / Allies) chaosgruntult: we got this in
(12:42 / Allies) chaosknight80: yeah
(12:58 / Allies) chaosknight80: lol they knew who I was but second thought it
(13:05 / Allies) chaosknight80: the two fags that left

(15:22 / Allies) chaosgruntult: lol
(15:40 / Allies) chaosgruntult: blues mk is oped
(15:50 / Allies) chaosknight80: MK is OG
(16:19 / All) chaosgruntult: cant win a 3v2?

(19:39 / Allies) chaosknight80: time to a move this motherfucker into oblivion

(21:01 / Allies) chaosgruntult: gj
(21:17 / Allies) chaosknight80: jaru and blue
(21:26 / Allies) chaosknight80: are TKs
(21:32 / Allies) chaosknight80: and were thrown off by my username lol
(21:40 / Allies) chaosgruntult: lol

(22:43 / All) chaosknight80: Tree hiding?
(22:44 / Allies) chaosgruntult: mm

(25:08 / All) chaosknight80: lol
(25:22 / All) chaosknight80: Pork rinds are the GOAT snack food
(26:02 / All) chaosgruntult: sad
(26:18 / Allies) chaosknight80: He's taking this loss hard
(26:23 / Allies) chaosgruntult: ya lol
(26:32 / Allies) chaosgruntult: wasting his time